 Dungeon Crawl Stone Soup version 0.30-a0-778-g2ef04afb54 (webtiles) character file.

Game seed: 2820388838618530896

162 sircluck the Chopper (level 5, -5/47 HPs)
             Began as a Hill Orc Fighter on Feb 16, 2023.
             Slain by a sky beast (6 damage)
             ... on level 6 of the Dungeon.
             The game lasted 00:08:20 (2401 turns).

sircluck the Chopper (Hill Orc Fighter)             Turns: 2401, Time: 00:08:20

Health: -5/47      AC:  8    Str: 21    XL:     5   Next: 43%
Magic:  5/5        EV:  9    Int:  8    God:
Gold:   232        SH:  4    Dex: 10    Spells: 4/4 levels left

rFire   . . .      SeeInvis .    a - +0 war axe
rCold   . . .      Faith    .    c - +0 buckler
rNeg    . . .      Spirit   .    b - +0 scale mail
rPois   .          Reflect  .    (no helmet)
rElec   .          Harm     .    (no cloak)
rCorr   .          Rampage  .    o - +0 pair of gloves
Will    .....                    (no boots) Stlth
                                 (no amulet)
HPRegen 0.27/turn                (no ring)
MPRegen 0.09/turn                (no ring)

@: no status effects
A: no striking features
a: no special abilities


You were on level 6 of the Dungeon.
You visited 1 branch of the dungeon, and saw 5 of its levels.

You collected 232 gold pieces.

Inventory:

Hand Weapons
 a - a +0 war axe (weapon)
 e - a +0 sling
 x - a +0 shortbow
 y - a +0 broad axe
Missiles
 i - 56 stones (quivered)
 q - 5 poisoned darts
 v - 4 datura-tipped darts
Armour
 b - a +0 scale mail (worn)
 c - a +0 buckler (worn)
 o - a +0 pair of gloves (worn)
Jewellery
 l - an amulet of the acrobat
Scrolls
 f - a scroll of teleportation {unknown}
 j - a scroll of amnesia {unknown}
 k - 5 scrolls of identify {unknown}
 m - 2 scrolls of blinking {unknown}
 r - a scroll of fog {unknown}
 s - a scroll of enchant weapon {unknown}
 u - a scroll of magic mapping {unknown}
Potions
 d - a potion of might
 g - a potion of brilliance {unknown}
 h - a potion of degeneration {unknown}
 n - a potion of lignification {unknown}
 p - a potion of heal wounds {unknown}
 t - a potion of haste {unknown}
 w - 3 potions of ambrosia {unknown}
 z - a potion of magic {unknown}


   Skills:
 + Level 4.4 Fighting
 + Level 5.0 Axes
 + Level 4.1 Armour
 + Level 0.5 Dodging
 + Level 0.1 Stealth
 + Level 3.9 Shields


You had 4 spell levels left.
You didn't know any spells.
Your spell library contained the following spells:

 Spells                   Type           Power      Damage    Failure   Level
 Magic Dart               Conj           0%         1d3       83%         1
 Searing Ray              Conj           0%         2d4       92%         2
 Kindle Blastsparks       Fire/Tloc/Air  0%         2d10      99%         3
 Fulminant Prism          Conj/Hex       0%         3d5       100%        4
 Iskenderun's Mystic Bla  Conj/Tloc      0%         2d3       100%        4
 Lee's Rapid Deconstruct  Erth           0%         3d4*      100%        5


Dungeon Overview and Level Annotations

Branches:
Dungeon (4/15)
 Temple: D:4-7

Altars:

Shops:
D:2 [(


Message History

The sky beast hits you but does no damage.
You hit the sky beast but do no damage.
The sky beast is severely wounded.
The sky beast flickers out of sight!
Deactivating autopickup; reactivate with Ctrl-A.
Something hits you but does no damage.
You miss something. Something hits you. Something shocks you.
You closely miss something.
A sky beast appears from thin air!
Reactivating autopickup.
The sky beast hits you. The sky beast shocks you.
The sky beast hits you but does no damage.
You miss the sky beast.
The sky beast is severely wounded.
The sky beast completely misses you.
You barely miss the sky beast.
The sky beast is severely wounded.
The sky beast barely misses you.
You closely miss the sky beast.
The sky beast is severely wounded.
The sky beast hits you but does no damage.
You closely miss the sky beast.
The sky beast is severely wounded.
The sky beast barely misses you.
You closely miss the sky beast.
The sky beast is severely wounded.
The sky beast hits you. The sky beast shocks you.
* * * LOW HITPOINT WARNING * * *
The sky beast hits you.
* * * LOW HITPOINT WARNING * * *
The sky beast shocks you.
* * * LOW HITPOINT WARNING * * *
You completely miss the sky beast.
The sky beast is severely wounded.
The sky beast hits you but does no damage.
You closely miss the sky beast.
The sky beast is severely wounded.
The sky beast hits you.
* * * LOW HITPOINT WARNING * * *
The sky beast shocks you.
You die...

###...........##
######.............##
.......##..........##
.#..........#######
#..........#
#..........# .
#............#
....###...########..
......Y@#.# ##
...#...##.# .......
... ......# ..##
...##. .... ... ##
.... .. .#


You could see a sky beast.

Vanquished Creatures
  A scorpion (D:4)
  A hound (D:4)
  2 adders
  An ufetubus (D:6)
  2 orcs
  5 ball pythons
  A bat (D:3)
  3 endoplasms
  2 giant cockroaches (D:1)
  8 goblins
  4 hobgoblins
  4 jackals
  6 kobolds
  10 rats
50 creatures vanquished.

Notes
Turn   | Place    | Note
-------+----------+-------------------------------------------
     0 | D:1      | sircluck the Hill Orc Fighter began the quest for the Orb.
     0 | D:1      | Reached XP level 1. HP: 19/19 MP: 1/1
    67 | D:1      | Reached XP level 2. HP: 14/27 MP: 2/2
   235 | D:1      | Reached skill level 3 in Axes
   270 | D:1      | Reached XP level 3. HP: 33/33 MP: 3/3
  1098 | D:2      | Found Haovynn's Antique Weapon Boutique.
  1212 | D:2      | Found Bisaruog's Armour Emporium.
  1688 | D:3      | Reached XP level 4. HP: 40/40 MP: 4/4
  1704 | D:3      | Reached skill level 4 in Axes
  2268 | D:4      | Noticed a scorpion
  2277 | D:4      | Killed a scorpion
  2278 | D:4      | Reached XP level 5. HP: 38/47 MP: 5/5
  2316 | D:4      | You fall into a shaft and drop 2 floors!
  2346 | D:6      | Reached skill level 5 in Axes
  2381 | D:6      | Noticed a sky beast
  2401 | D:6      | HP: 1/47 [sky beast (3)]
  2401 | D:6      | Slain by a sky beast

Illustrated notes

Levels and vault maps discovered:
D:1:      saegor_arrival_fortress, layout_rooms, minmay_unequal
D:2:      layout_basic, serial_shops, nicolae_diamond_shop,
          nicolae_shop_overgrown_old_shop, nicolae_figureground_sparkle
D:3:      layout_loops_cross
D:4:      kennysheep_the_goblin_king, layout_cave_pools,
          minmay_temple_entry_fiery, st_stairs_6, uniq_sigmund, uniq_eustachio
D:6:      layout_rooms, nicolae_overflow_crystal_walls, uniq_edmund

Skill      XL: |  1  2  3  4  5 |
---------------+----------------+-----
Fighting       | 4 |  4.4
Axes           | 3 4 5 |  5.0
Armour         | 4 |  4.1
Dodging        | |  0.5
Stealth        | |  0.1
Shields        | |  3.9

Action                     |  1- 3 |  4- 6 || total
---------------------------+-------+-------++-------
  Melee: War axe           |    71 |    63 ||   134
 Armour: Scale mail        |    31 |    33 ||    64
  Dodge: Dodged            |    29 |    37 ||    66
  Block: Buckler           |    21 |    11 ||    32

Table legend: (Time is in decaauts)
 A = Elapsed time spent in this place.
 B = Non-inter-level travel time spent in this place.
 C = Inter-level travel time spent in this place.
 D = Time resting spent in this place.
 E = Time spent auto-exploring this place.
 F = Levels seen in this place.
 G = Mean time per level.
                   A        B        C        D        E       F      G
               +--------+--------+--------+--------+--------+-----+--------+
         Total |   2448 |   2070 |    378 |      0 |   1440 |   5 |  489.6 |
       Dungeon |   2448 |   2070 |    378 |      0 |   1440 |   5 |  489.6 |
               +--------+--------+--------+--------+--------+-----+--------+

Top non-repeatable levels by time:
     D:1: 1015 daAuts
     D:3: 675 daAuts
     D:2: 542 daAuts
     D:4: 124 daAuts
     D:6: 91 daAuts
